 Dungeon Crawl Stone Soup version 0.21.0-22-g11d5b52 (webtiles) character file.

662 Monsterracer the Chopper (level 7, 0/55 HPs)
             Began as a Formicid Fighter on Jan 18, 2018.
             Slain by Pawles22's ghost (11 damage)
             ... on level 5 of the Dungeon.
             The game lasted 00:07:27 (4051 turns).

Monsterracer the Chopper (Formicid Fighter)         Turns: 4051, Time: 00:07:28

Health: 0/55       AC: 13    Str: 22    XL:     7   Next: 87%
Magic:  7/7        EV:  5    Int:  8    God:
Gold:   219        SH: 10    Dex: 10    Spells: 6/6 levels left

rFire    . . .     SeeInvis +   a - +0 war axe
rCold    . . .     Gourm    .   d - +0 shield
rNeg     . . .     Faith    .   k - +0 plate armour (curse)
rPois    .         Spirit   .   (helmet unavailable)
rElec    .         Reflect  .   (no cloak)
rCorr    .         Harm     .   (no gloves)
MR       .....                  r - +0 pair of boots
Stlth    ..........             (no amulet)
HPRegen  0.18/turn              (no ring)
MPRegen  0.10/turn              (no ring)

@: no status effects
A: permanent stasis, dig shafts and tunnels, four strong arms, antennae 3
a: Dig, Shaft Self


You were on level 5 of the Dungeon.
You were not hungry.

You visited 1 branch of the dungeon, and saw 5 of its levels.

You collected 219 gold pieces.

Inventory:

Hand Weapons
 a - a +0 war axe (weapon)
 b - a +0 flail
Armour
 d - a +0 shield (worn)
 k - a cursed +0 plate armour (worn)
 r - a +0 pair of boots (worn)
 v - a cursed +0 ring mail
Scrolls
 e - a scroll of fear {unknown}
 h - 2 scrolls of amnesia {unknown}
 i - 3 scrolls of magic mapping {unknown}
 j - 3 scrolls of teleportation {unknown}
 m - 4 scrolls of remove curse {unknown}
 n - 3 scrolls of identify {unknown}
 o - a scroll of enchant weapon {unknown}
 p - 2 scrolls of enchant armour {unknown}
Potions
 f - 2 potions of cancellation {unknown}
 g - 3 potions of heal wounds {unknown}
 l - a potion of might
 q - a potion of curing {unknown}
 s - a potion of magic {unknown}
 t - a potion of lignification {unknown}
 u - a potion of agility {unknown}
Comestibles
 c - 6 rations


   Skills:
 + Level 4.7 Fighting
 * Level 5.8 Axes
 + Level 4.8 Armour
 + Level 5.6 Shields


You had 6 spell levels left.
You didn't know any spells.

Dungeon Overview and Level Annotations

Branches:
Dungeon (5/15)
 Temple: D:4-7

Altars:
Ru
Sif Muna
Vehumet
The Shining One

Shops:
D:5 %

Annotations:
D:5 Pawles22's ghost, novice TrFi


Innate Abilities, Weirdness & Mutations

You cannot be hasted, slowed, berserked, paralysed or teleported.
You can dig through walls and to a lower floor.
Your four strong arms can wield two-handed weapons with a shield.
You have a pair of large antennae on your head. (SInv)


Message History

Eating a chunk of flesh.
You eat the chunk of flesh.
This raw flesh tastes terrible.
Things that are here:
a dagger; a robe
Things that are here:
a dagger; an orc corpse x2; Health restored: 55 You found a teleport trap!
Found Naxez's Food Shop.
There is an entrance to Naxez's Food Shop here.
Okay, then.
Pawles22's ghost turns its malevolent gaze towards you.
Pawles22's ghost is too close now for your liking.
Pawles22's ghost is nearby!
You hit Pawles22's ghost.
Pawles22's ghost is lightly damaged.
Pawles22's ghost screams, "Zot is a myth, the ORB is a fable, you'll soon be a tale!"
Pawles22's ghost hits you but does no damage.
You hit Pawles22's ghost.
Pawles22's ghost is lightly damaged.
You block Pawles22's ghost's attack.
You hit Pawles22's ghost.
Pawles22's ghost is lightly damaged.
You block Pawles22's ghost's attack.
You hit Pawles22's ghost but do no damage.
Pawles22's ghost is lightly damaged.
Pawles22's ghost hits you but does no damage.
You block Pawles22's ghost's attack.
You slash Pawles22's ghost!
Pawles22's ghost is moderately damaged.
You block Pawles22's ghost's attack.
Your plate armour prevents you from hitting Pawles22's ghost.
Pawles22's ghost is moderately damaged.
Pawles22's ghost wails.
You block Pawles22's ghost's attack.
You slash Pawles22's ghost!
Pawles22's ghost is heavily damaged.
Pawles22's ghost hits you!
You take 10 damage, and have 45/55 hp.
You hit Pawles22's ghost but do no damage.
Pawles22's ghost is heavily damaged.
You block Pawles22's ghost's attack.
Pawles22's ghost hits you but does no damage.
You slash Pawles22's ghost!
Pawles22's ghost is heavily damaged.
Pawles22's ghost closely misses you.
Your shield and plate armour prevent you from hitting Pawles22's ghost.
Pawles22's ghost is heavily damaged.
Pawles22's ghost hits you.
You take 2 damage, and have 44/55 hp.
You hit Pawles22's ghost but do no damage.
Pawles22's ghost is heavily damaged.
Pawles22's ghost hits you.
You take 6 damage, and have 38/55 hp.
You are too injured to fight recklessly!
You are too injured to fight recklessly!
You are too injured to fight recklessly!
You slash Pawles22's ghost!
Pawles22's ghost is severely damaged.
You block Pawles22's ghost's attack. Pawles22's ghost barely misses you.
Your plate armour prevents you from hitting Pawles22's ghost.
Pawles22's ghost is severely damaged.
You block Pawles22's ghost's attack.
You barely miss Pawles22's ghost.
Pawles22's ghost is severely damaged.
Pawles22's ghost hits you.
You take 2 damage, and have 37/55 hp.
You slash Pawles22's ghost!
Pawles22's ghost is almost destroyed.
Pawles22's ghost hits you.
You take 6 damage, and have 31/55 hp.
You hit Pawles22's ghost.
Pawles22's ghost is almost destroyed.
Pawles22's ghost hits you but does no damage. x2
Unknown command.
You hit Pawles22's ghost.
Pawles22's ghost is almost destroyed.
Pawles22's ghost hits you!
* * * LOW HITPOINT WARNING * * *
You take 9 damage, and have 22/55 hp.
You hit Pawles22's ghost but do no damage.
Pawles22's ghost is almost destroyed.
You block Pawles22's ghost's attack.
Unknown command.
You hit Pawles22's ghost but do no damage.
Pawles22's ghost is almost destroyed.
Pawles22's ghost hits you but does no damage.
Your plate armour prevents you from hitting Pawles22's ghost.
Pawles22's ghost is almost destroyed.
Pawles22's ghost hits you.
* * * LOW HITPOINT WARNING * * *
You take 5 damage, and have 17/55 hp.
You closely miss Pawles22's ghost.
Pawles22's ghost is almost destroyed.
You block Pawles22's ghost's attack. Pawles22's ghost hits you!
* * * LOW HITPOINT WARNING * * *
You take 6 damage, and have 11/55 hp.
You hit Pawles22's ghost.
Pawles22's ghost is almost destroyed.
Pawles22's ghost hits you!
You die...

#...## ##.##
###.##.## ##..
#....###...##
#####.###...
#..#..##.....###
#..##...
#.##...#.......##
##...... #..
##...........##
####### ###
##...........## #
#............# #
##...........# #
##.##W@^...## +
#..####.### #
#####..## ###
##...#.#.#
##.....∩..##
#.....#.#.W###
#........##..##
##.......####..#
#.......## ###W.#


You could see Pawles22's ghost.

Vanquished Creatures
  An ice beast (D:5)
  An ogre (D:3)
  The ghost of Virusyak the Poker, a weakling MfGl (D:3)
  A crimson imp (D:5)
  Natasha (twice) (D:4)
  3 orc wizards
  2 worker ants
  A howler monkey skeleton (D:4)
  Robin (D:2)
  5 adders
  3 gnolls (D:4)
  An ooze (D:1)
  6 worms
  4 leopard geckos
  12 orcs
  12 bats
  2 giant cockroaches
  20 goblins
  5 hobgoblins
  6 jackals
  2 quokkas
  A ball python (D:4)
  6 frilled lizards
  5 kobolds
  11 rats
114 creatures vanquished.

Notes
Turn   | Place    | Note
-------+----------+-------------------------------------------
     0 | D:1      | Monsterracer the Formicid Fighter began the quest for the Orb.
     0 | D:1      | Reached XP level 1. HP: 18/18 MP: 1/1
    22 | D:1      | Reached XP level 2. HP: 19/24 MP: 2/2
   314 | D:1      | Reached XP level 3. HP: 29/29 MP: 3/3
   482 | D:1      | Found a glowing golden altar of the Shining One.
   672 | D:2      | Reached XP level 4. HP: 30/35 MP: 4/4
   718 | D:2      | Found a sacrificial altar of Ru.
   847 | D:2      | Noticed Robin
   874 | D:2      | HP: 17/35 [goblin[Robin] (1)]
   879 | D:2      | Killed Robin
   884 | D:2      | HP: 10/35 [hobgoblin[Robin] (3)]
  1447 | D:2      | Found a sacrificial altar of Ru.
  1484 | D:2      | Found a radiant altar of Vehumet.
  1525 | D:2      | Reached XP level 5. HP: 41/41 MP: 5/5
  1662 | D:3      | Noticed Virusyak's ghost (weakling MfGl)
  1681 | D:3      | HP: 20/42 [Virusyak's ghost (7)]
  1685 | D:3      | Killed Virusyak's ghost
  1736 | D:3      | HP: 21/42 [poisoned by an adder]
  1741 | D:3      | HP: 19/42 [poisoned by an adder]
  1748 | D:3      | HP: 11/42 [poisoned by an adder]
  1755 | D:3      | HP: 10/42 [poisoned by an adder]
  1763 | D:3      | HP: 9/42 [poisoned by an adder]
  2121 | D:3      | Reached XP level 6. HP: 48/48 MP: 6/6
  2208 | D:3      | Noticed an ogre
  2222 | D:3      | HP: 4/48 [ogre/giant spiked club (27)]
  2227 | D:3      | Killed an ogre
  2227 | D:3      | Reached skill level 5 in Shields
  3100 | D:4      | Noticed Natasha
  3105 | D:4      | Killed Natasha
  3105 | D:4      | Reached skill level 5 in Axes
  3105 | D:4      | Reached XP level 7. HP: 54/54 MP: 7/7
  3251 | D:4      | Found a deep blue altar of Sif Muna.
  3408 | D:4      | Noticed Natasha
  3414 | D:4      | Killed Natasha
  3503 | D:5      | Entered Level 5 of the Dungeon
  3881 | D:5      | Noticed Pawles22's ghost (novice TrFi)
  3986 | D:5      | Found Naxez's Food Shop.
  4046 | D:5      | HP: 22/55 [Pawles22's ghost (10)]
  4051 | D:5      | Slain by Pawles22's ghost

Skill      XL: |  1  2  3  4  5  6 |
---------------+-------------------+-----
Axes           | 3 4 5 |  5.8
Shields        | 4 5 |  5.6
Armour         | 4 |  4.8
Fighting       | 4 |  4.7

Action                   |  1- 3 |  4- 6 |  7- 9 || total
-------------------------+-------+-------+-------++-------
Melee: War axe           |    68 |   228 |   121 ||   417
  Use: Potion            |       |     1 |       ||     1
  Eat: Chunk             |       |     7 |     4 ||    11
Armor: Scale mail        |    22 |       |       ||    22
       Plate armour      |    19 |   128 |    62 ||   209
Dodge: Dodged            |    20 |    51 |    27 ||    98
Block: Shield            |    52 |   129 |    62 ||   243

Vault maps used:
D:1:      nicolae_arrival_memento_mori, tso_altar
D:2:      overflow_temple_1_default, overflow_temple_1_default, first_ration,
          nicolae_ru_the_path_less_chosen, uniq_robin
D:4:      lemuel_round_altar, uniq_natasha
D:5:      elyvilon_altar_5, serial_shops, nicolae_shop_crystal, dk_vineyard_1
